 Dungeon Crawl Stone Soup version 0.29-a0-284-gf9362112df (webtiles) character file.

Game seed: 12481214659712919517

238 drugrobin the Chopper (level 5, -2/42 HPs)
             Began as a Demigod Fighter on Mar 15, 2022.
             Slain by Pargi the wyvern (8 damage)
             ... on level 3 of the Dungeon.
             The game lasted 00:06:04 (2820 turns).

drugrobin the Chopper (Demigod Fighter)             Turns: 2820, Time: 00:06:04

Health: -2/42      AC:  6    Str: 21    XL:     5   Next: 48%
Magic:  7/7        EV:  9    Int: 10    God:
Gold:   185        SH:  5    Dex: 19    Spells: 4/4 levels left

rFire   . . .      SeeInvis .   a - +0 war axe
rCold   . . .      Faith    .   s - +0 buckler
rNeg    . . .      Spirit   .   n - +0 scale mail
rPois   .          Reflect  .   (no helmet)
rElec   .          Harm     .   o - scarf {repulsion}
rCorr   .          Rampage  .   (no gloves)
Will    .....                   (no boots)
Stlth   ..........              (no amulet)
HPRegen 0.14/turn               h - +6 ring of dexterity
MPRegen 0.10/turn               (no ring)

@: invisible (expiring), repel missiles
A: high MP 1, forlorn, divine attributes
a: no special abilities


You were on level 3 of the Dungeon.
You visited 1 branch of the dungeon, and saw 3 of its levels.

You collected 185 gold pieces.

Inventory:

Hand Weapons
 a - a +0 war axe (weapon)
 b - a +0 hunting sling
 c - a +2 dagger of electrocution
Missiles
 g - 130 stones (quivered)
 v - 6 javelins
Armour
 n - a +0 scale mail (worn)
 o - a scarf of repulsion (worn)
 s - a +0 buckler (worn)
Jewellery
 h - a +6 ring of dexterity (left hand)
Wands
 q - a wand of polymorph (10)
Scrolls
 f - a scroll of noise {unknown}
 i - a scroll of enchant armour {unknown}
 j - a scroll of summoning {unknown}
 p - a scroll of magic mapping {unknown}
 u - a scroll of fear {unknown}
 w - a scroll of immolation {unknown}
 y - a scroll of identify {unknown}
Potions
 d - a potion of might
 e - a potion of degeneration {unknown}
 m - a potion of haste {unknown}
 t - 2 potions of flight {unknown}
 x - a potion of resistance {unknown}


   Skills:
 - Level 2.6 Fighting
 + Level 5.6 Axes
 - Level 2.6 Armour
 - Level 2.6 Shields


You had 4 spell levels left.
You didn't know any spells.
Your spell library contained the following spells:

 Spells                   Type           Power      Damage    Failure   Level
 Scorch                   Fire           0%         2d5       91%         2
 Flame Wave               Conj/Fire      0%         2d4       100%        4
 Summon Cactus Giant      Summ           0%         N/A       100%        6


Dungeon Overview and Level Annotations

Branches:
Dungeon (3/15)

Annotations:
D:2 Sigmund
D:3 Pargi


Innate Abilities, Weirdness & Mutations

You have an increased reservoir of magic. (+10% MP)
You shall have no god before yourself.
Your divine heritage dramatically boosts your attributes as you level up.


Message History

Pargi is moderately wounded.
Pargi barely misses you.
You hit Pargi but do no damage.
Pargi is moderately wounded.
Pargi bites you.
* * * LOW HITPOINT WARNING * * *
Pargi closely misses you.
Unknown command.
You hit Pargi but do no damage.
Pargi is moderately wounded.
Pargi closely misses you. Pargi bites you.
* * * LOW HITPOINT WARNING * * *
Unknown command.
You feel much better. You block Pargi's attack.
Unknown command.
Your +2 dagger of electrocution stops crackling.
a - a +0 war axe (weapon)
You block Pargi's attack.
You closely miss Pargi.
Pargi is moderately wounded.
Pargi bites you but does no damage. You block Pargi's attack.
You hit Pargi but do no damage.
Pargi is moderately wounded.
You flicker for a moment.
Pargi barely misses you. Pargi bites you!
Unknown command.
Unknown command.
You barely miss Pargi.
Pargi is moderately wounded.
Pargi bites you.
* * * LOW HITPOINT WARNING * * *
Unknown command.
Unknown command.
You hit Pargi but do no damage.
Pargi is moderately wounded.
Pargi bites you.
* * * LOW HITPOINT WARNING * * *
Pargi hisses menacingly.
Pargi bites you!
You die...

.# .# .# .# .#
.#
############l#
#..........@.#
#.############
#.# #.# #.#
#.# #.# #.#
#.#


You could see Pargi the wyvern (can't see you).

Vanquished Creatures
  Natasha (thrice) (D:3)
  Jessica (D:2)
  Terence (D:3)
  3 adders
  A gnoll (D:1)
  2 worms
  5 dart slugs
  5 orcs (D:3)
  6 bats
  5 endoplasms (D:1)
  A giant cockroach (D:2)
  3 hobgoblins
  3 kobolds
  2 quokkas
  3 ball pythons
  A frilled lizard (D:1)
  7 goblins
  8 rats
  A spectral hobgoblin (D:1)
61 creatures vanquished.

Notes
Turn   | Place    | Note
-------+----------+-------------------------------------------
     0 | D:1      | drugrobin the Demigod Fighter began the quest for the Orb.
     0 | D:1      | Reached XP level 1. HP: 18/18 MP: 3/3
    60 | D:1      | Reached skill level 2 in Axes
    99 | D:1      | Reached XP level 2. HP: 25/25 MP: 4/4
   192 | D:1      | Reached skill level 3 in Axes
   520 | D:1      | Reached XP level 3. HP: 25/29 MP: 5/5
  1068 | D:2      | Noticed Jessica
  1077 | D:2      | Killed Jessica
  1078 | D:2      | Reached skill level 4 in Axes
  1078 | D:2      | Reached XP level 4. HP: 37/37 MP: 6/6
  1101 | D:2      | Noticed Sigmund
  2037 | D:3      | Noticed Terence
  2059 | D:3      | Killed Terence
  2282 | D:3      | Noticed Natasha
  2289 | D:3      | Killed Natasha
  2290 | D:3      | Reached skill level 5 in Axes
  2290 | D:3      | Reached XP level 5. HP: 42/42 MP: 7/7
  2423 | D:3      | Noticed Natasha
  2434 | D:3      | Killed Natasha
  2680 | D:3      | Noticed Natasha
  2688 | D:3      | Killed Natasha
  2800 | D:3      | Noticed Pargi
  2802 | D:3      | Noticed Pargi
  2802 | D:3      | Pargi changed into Pargi the wyvern
  2820 | D:3      | Slain by Pargi the wyvern

Illustrated notes

Levels and vault maps discovered:
D:1:      nagdon_arrival_zigzag_paths, layout_basic,
          dreamdust_ecumenical_altar_drowned_temple
D:2:      layout_loops_ring, serial_co_window_serial, co_window_corner_a,
          co_window_paths_b, co_window_corner_a, co_window_paths_a,
          co_window_paths_b, co_window_unsneaky_path_d,
          co_window_of_opportunity_b, co_window_unsneaky_path_b,
          co_window_paths_e, glass_columns_a, uniq_sigmund,
          uniq_crazy_yiuf_cottage, uniq_jessica
D:3:      layout_basic, nicolae_wu_jian_immortal_techniques, uniq_natasha,
          uniq_terence, uniq_pargi

Skill      XL: |  1  2  3  4 |
---------------+-------------+-----
Axes           | 2 3 4 5 |  5.6
Fighting       | |  2.6
Armour         | |  2.6
Shields        | |  2.6

Action                   |  1- 3 |  4- 6 || total
-------------------------+-------+-------++-------
Melee: War axe           |    67 |    76 ||   143
       Dagger            |       |    39 ||    39
 Fire: Hunting sling     |     7 |       ||     7
Throw: Throwing net      |       |     2 ||     2
       Stone             |       |     1 ||     1
Evoke: Wand              |       |     1 ||     1
  Use: Potion            |       |     5 ||     5
 Stab: Invisible         |       |     2 ||     2
Armor: Scale mail        |    23 |    43 ||    66
Dodge: Dodged            |    28 |    49 ||    77
Block: Buckler           |     7 |    32 ||    39

Table legend: (Time is in decaauts)
 A = Elapsed time spent in this place.
 B = Non-inter-level travel time spent in this place.
 C = Inter-level travel time spent in this place.
 D = Time resting spent in this place.
 E = Time spent auto-exploring this place.
 F = Levels seen in this place.
 G = Mean time per level.
                   A        B        C        D        E       F      G
               +--------+--------+--------+--------+--------+-----+--------+
         Total |   2883 |   2753 |    130 |     36 |   1845 |   3 |  961.0 |
       Dungeon |   2883 |   2753 |    130 |     36 |   1845 |   3 |  961.0 |
               +--------+--------+--------+--------+--------+-----+--------+

Top non-repeatable levels by time:
     D:2: 1101 daAuts
     D:1: 983 daAuts
     D:3: 797 daAuts
